 Dungeon Crawl Stone Soup version 0.31-a0-1598-g94871bc2e8 (webtiles) character file.

Game seed: 11450816793942759113

324 Flugslaktarn the Apothecary (level 6, -4/36 HPs)
             Began as an Octopode Alchemist on Jan 7, 2024.
             Was a Follower of Sif Muna.
             Succumbed to a water moccasin's poison
             ... on level 5 of the Dungeon.
             The game lasted 00:04:16 (1435 turns).

Flugslaktarn the Apothecary (Octopode Alchemist)    Turns: 1435, Time: 00:04:17

Health: -4/36      AC:  1    Str:  7    XL:     6   Next: 48%
Magic:  5/11       EV: 13    Int: 20    God:    Sif Muna [*.....]
Gold:   62         SH:  0    Dex: 18    Spells: 3/12 levels left

rFire   . . .        b - +1 dagger
rCold   . . .        (no shield)
rNeg    . . .        (helmet restricted)
rPois   .            (no amulet)
rElec   .            h - +6 ring of dexterity
rCorr   .            (no ring)
SInv    .            (no ring)
Will    .....        (no ring)
Stlth   +++          (no ring)
HPRegen 0.26/turn    (no ring)
MPRegen 0.12/turn    (no ring)
                     (no ring)

%: no passive effects
@: mighty, lethally poisoned (-4 -> -30)
A: almost no armour, amphibious, 8 rings, camouflage 1, gelatinous body 1,
(nimble swimmer 1), tentacles
a: Renounce Religion, Channel Magic


You were on level 5 of the Dungeon.
You worshipped Sif Muna.
Sif Muna was aware of your devotion.
You visited 1 branch of the dungeon, and saw 5 of its levels.

You collected 109 gold pieces.
You spent 47 gold pieces at shops.

Inventory:

Hand Weapons
 b - a +1 dagger (weapon)
   (You took it off a goblin on level 1 of the Dungeon)
Armour
 o - a +2 buckler
   (You took it off a gnoll sergeant on level 5 of the Dungeon)
Magical Staves
 c - a staff of death
   (You found it on level 3 of the Dungeon)
 m - a staff of cold
   (You found it on level 5 of the Dungeon)
Jewellery
 h - a +6 ring of dexterity (left tentacle)
   (You found it on level 3 of the Dungeon)
Talismans
 i - a serpent talisman
   (You found it on level 3 of the Dungeon)
Wands
 j - a wand of flame (13)
   (You found it on level 5 of the Dungeon)
Scrolls
 f - 2 scrolls of noise
 g - a scroll of fog
 l - a scroll of acquirement
Potions
 a - a potion of magic
 d - a potion of attraction
 n - a potion of mutation {unknown}


   Skills:
 - Level 2.0 Dodging
 - Level 2.6 Stealth
 + Level 3.8 Spellcasting
 - Level 1.0 Conjurations
 * Level 6.6 Alchemy


You had 3 spell levels left.
You knew the following spells:

 Your Spells              Type           Power      Damage    Failure   Level
a - Sting                 Conj/Alch      76%        1d7       2%          1
b - Olgreb's Toxic Radia  Alch           30%        N/A       9%          4
c - Sticky Flame          Fire/Alch      17%        2d5       32%         4

Your spell library contained the following spells:

 Spells                   Type           Power      Damage    Failure   Level
 Mercury Vapours          Alch/Air       34%        N/A       4%          2
 Cigotuvi's Dreadful Rot  Necr/Alch/Air  24%        N/A       9%          2
 Kiss of Death            Conj/Necr      20%        2d7       11%         1
 Mephitic Cloud           Conj/Alch/Air  14%        N/A       14%         3
 Call Canine Familiar     Summ           3%         N/A       36%         3
 Confusing Touch          Hex            3%         N/A       36%         3
 Sigil of Binding         Hex            3%         N/A       36%         3
 Ignite Poison            Fire/Alch      17%        N/A       32%         4
 Dimensional Bullseye     Hex/Tloc       1%         N/A       78%         4
 Dispel Undead            Necr           3%         3d7       78%         4
 Freezing Cloud           Conj/Ice/Air   2%         6-21      97%         5


Dungeon Overview and Level Annotations

Branches:
Dungeon (5/15)             Temple (0/1) D:5

Altars:
Okawaru
Sif Muna

Shops:
D:5 *

Annotations:
D:2 Robin


Innate Abilities, Weirdness & Mutations

You cannot wear most types of armour.
You are amphibious.
You can wear up to eight rings at the same time.
Your skin changes colour to match your surroundings (Stealth+).
Your rubbery body absorbs attacks. (AC +1, EV +1)
((You are camouflaged when in or above water. (Stealth+)))
You have tentacles for arms and can constrict up to eight enemies at once.


Message History

The gnoll is poisoned.
The gnoll shouts!
The gnoll is poisoned.
The gnoll looks even sicker.
A gnoll sergeant comes into view. It is wielding a +0 spear.
Unknown command.
The gnoll sergeant is poisoned.
The gnoll looks even sicker.
Your toxic aura wanes.
Casting: Olgreb's Toxic Radiance (quite dangerous; 11% risk of failure)
Confirm with . or Enter, or press ? or * to list all spells.
You begin to radiate toxic energy.
The gnoll sergeant looks even sicker.
The gnoll looks even sicker.
You kill the gnoll!
Sif Muna accepts your kill.
You can now call upon Sif Muna for magical energy.
The gnoll sergeant looks even sicker.
A gnoll comes into view. It is wielding a +0 club.
Unknown command.
You kill the gnoll!
Sif Muna accepts your kill.
The gnoll sergeant looks as sick as possible!
You kill the gnoll!
Sif Muna accepts your kill.
The gnoll sergeant looks as sick as possible!
Your toxic aura wanes.
Casting: Olgreb's Toxic Radiance (quite dangerous; 10% risk of failure)
Confirm with . or Enter, or press ? or * to list all spells.
Aiming: Sting (safe; 3% risk of failure)
Press: ? - help, Shift-Dir - straight line, f - gnoll sergeant
Aim: a gnoll sergeant, wielding a +0 spear, wearing a +0 scale mail and wearing a +2 buckler (almost dead, extremely poisoned, 81% to hit)
The sting hits the gnoll sergeant.
The gnoll sergeant looks as sick as possible!
You kill the gnoll sergeant!
Sif Muna accepts your kill.
Things that are here:
a +0 spear; a +0 scale mail; a +2 buckler
o - a +2 buckler
Casting: Sting (safe; 2% risk of failure)
Confirm with . or Enter, or press ? or * to list all spells.
Aiming: Sting (safe; 2% risk of failure)
Press: ? - help, Shift-Dir - straight line, f - gnoll
Aim: a gnoll, wielding a +0 club (wandering, hasn't noticed you, 77% to hit)
The sting hits the gnoll!
The gnoll is poisoned.
The gnoll is severely wounded.
The gnoll hits you with a +0 club!
You hit the gnoll but do no damage. Your grab misses the gnoll.
The gnoll is almost dead.
The gnoll closely misses you.
You hit the gnoll.
You kill the gnoll!
Sif Muna accepts your kill.
Things that are here:
a +0 club; a gnoll corpse
Things that are here:
a +0 spear; a +0 scale mail
Found an iron altar of Okawaru.
Found a Trismegistus Codex.
There is an iron altar of Okawaru here.
A water moccasin comes into view.
You see here a Trismegistus Codex.
You pick up a Trismegistus Codex and begin reading...
You add the spells Cigotuvi's Dreadful Rot, Ignite Poison and Freezing Cloud to your library.
The water moccasin hisses angrily.
Unknown command.
Okay, then.
It was a potion of curing.
You feel better.
This is a scroll of acquirement!
Okay, then.
It was a potion of might.
You feel very mighty all of a sudden.
You hit the water moccasin. Your grab misses the water moccasin.
Your squeeze misses the water moccasin.
The water moccasin is lightly wounded.
The water moccasin misses you. The water moccasin bites you.
You are poisoned.
The water moccasin poisons you!
You miss the water moccasin. Your grab misses the water moccasin.
You squeeze the water moccasin!
The water moccasin is severely wounded.
You feel very sick. The water moccasin bites you.
You closely miss the water moccasin. You grab the water moccasin.
The water moccasin is severely wounded.
You constrict the water moccasin, but do no damage.
You feel very sick. The water moccasin bites you.
You are lethally poisoned!
The water moccasin poisons you! The water moccasin bites you.
You hit the water moccasin.
The water moccasin is almost dead.
You constrict the water moccasin.
* * * LOW HITPOINT WARNING * * *
You feel very sick. The water moccasin bites you!
* * * LOW HITPOINT WARNING * * *
You are more poisoned.
The water moccasin poisons you!
You puncture the water moccasin!
You kill the water moccasin!
Sif Muna accepts your kill.
You die...

#............#,,,***,*
*..####.####.#,,,***,*
#,,##.....##.#,.,,,*,*
#.,#.......#.#..,*,*,*
#..#.......#..♣***+******
#......_......+,,,,,,,+,*
#..#.......#..♣,~,,,~,*,,
#..#.......#..♣,~,_,~,*,,
##,##...@.##,.♣,~,,,~,*,,
*,*###†###*,,+,,,,,,,+,,
*,,,....,,,,*****+****,,
**......,,,** *,,,,,,,
########*** **,,,,,,
******, *, *, *,


There were no monsters in sight!

Vanquished Creatures
  A water moccasin (D:5)
  An ogre (D:5)
  A gnoll sergeant (D:5)
  A jelly (D:5)
  4 gnolls (D:5)
  4 adders
  3 dart slugs
  3 ribbon worms
  2 orcs (D:5)
  4 endoplasms
  13 goblins
  6 hobgoblins
  3 jackals (D:5)
  2 quokkas
  2 ball pythons (D:1)
  3 bats
  6 frilled lizards
  A kobold (D:2)
  6 rats
66 creatures vanquished.

Notes
Turn   | Place    | Note
-------+----------+-------------------------------------------
     0 | D:1      | Flugslaktarn the Octopode Alchemist began the quest for the
                  | Orb.
     0 | D:1      | Reached XP level 1. HP: 11/11 MP: 3/3
    64 | D:1      | Reached XP level 2. HP: 14/17 MP: 3/5
   146 | D:2      | Noticed Robin
   456 | D:1      | Reached skill level 4 in Alchemy
   457 | D:1      | Found a faded altar of an unknown god.
   512 | D:2      | Reached XP level 3. HP: 16/21 MP: 0/6
   668 | D:3      | Reached XP level 4. HP: 27/27 MP: 3/8
   729 | D:3      | Learned a level 4 spell: Olgreb's Toxic Radiance
   779 | D:3      | Found a shimmering blue altar of Sif Muna.
   782 | D:3      | Became a worshipper of Sif Muna the Loreminder
   935 | D:3      | Reached skill level 5 in Alchemy
  1218 | D:5      | Entered Level 5 of the Dungeon
  1218 | D:5      | Found Cyr Ivet's Assorted Antiques.
  1226 | D:5      | Bought a fizzy emerald potion for 22 gold pieces
  1226 | D:5      | Bought a scroll labelled KUFUCUSETE for 25 gold pieces
  1227 | D:5      | Found a staircase to the Ecumenical Temple.
  1238 | D:5      | Reached XP level 5. HP: 31/31 MP: 9/9
  1243 | D:5      | Learned a level 4 spell: Sticky Flame
  1275 | D:5      | Noticed an ogre
  1294 | D:5      | Killed an ogre
  1295 | D:5      | Reached skill level 6 in Alchemy
  1334 | D:5      | Reached XP level 6. HP: 33/36 MP: 4/11
  1395 | D:5      | Reached * piety under Sif Muna
  1419 | D:5      | Found an iron altar of Okawaru.
  1427 | D:5      | Noticed a water moccasin
  1430 | D:5      | Identified a scroll of acquirement
  1435 | D:5      | Killed a water moccasin
  1435 | D:5      | Succumbed to a water moccasin's poison

Illustrated notes

Levels and vault maps discovered:
D:1:      shiori_arrival_maze, layout_loops_ring,
          dreamdust_ecumenical_altar_angels_and_demons,
          minmay_misc_feat_columns, nicolae_twisty_statue_hallways
D:2:      layout_basic, serial_bayou_pond_e, uniq_robin
D:3:      layout_loops_corners, lemuel_blue_sif_altar,
          mainiacjoe_overflow_alcove_4, minmay_ruptured, uniq_sigmund
D:4:      layout_loops_ring
D:5:      layout_basic, mainiacjoe_overflow_six_doors_small, old_standard_altar,
          minmay_temple_entry_hall, serial_shops, shop

Skill      XL: |  1  2  3  4  5 |
---------------+----------------+-----
Alchemy        | 4 5 6 |  6.6
Spellcasting   | 3 |  3.8
Dodging        | |  2.0
Stealth        | |  2.6
Conjurations   | |  1.0

Action                     |  1- 3 |  4- 6 || total
---------------------------+-------+-------++-------
  Melee: Unarmed           |    17 |       ||    17
         Tentacles         |    13 |     7 ||    20
         Constrict         |    10 |    12 ||    22
         Dagger            |    36 |    31 ||    67
   Cast: Sting             |    30 |    29 ||    59
         Olgreb's Toxic Ra |       |     5 ||     5
  Evoke: Wand              |       |     3 ||     3
    Use: Potion            |     2 |     2 ||     4
         Scroll            |       |     4 ||     4
 Armour: Skin              |    26 |    27 ||    53
  Dodge: Dodged            |    28 |    25 ||    53

Table legend: (Time is in decaauts)
 A = Elapsed time spent in this place.
 B = Non-inter-level travel time spent in this place.
 C = Inter-level travel time spent in this place.
 D = Time resting spent in this place.
 E = Time spent auto-exploring this place.
 F = Levels seen in this place.
 G = Mean time per level.
                   A        B        C        D        E       F      G
               +--------+--------+--------+--------+--------+-----+--------+
         Total |   1433 |   1407 |     26 |      0 |    728 |   5 |  286.6 |
       Dungeon |   1433 |   1407 |     26 |      0 |    728 |   5 |  286.6 |
               +--------+--------+--------+--------+--------+-----+--------+

Top non-repeatable levels by time:
     D:1: 482 daAuts
     D:3: 310 daAuts
     D:2: 255 daAuts
     D:5: 200 daAuts
     D:4: 185 daAuts
